 Dungeon Crawl Stone Soup version 0.19-a0-981-gaae9137 (webtiles) character file.

1537 HAL9000 the Martial Artist (level 8, -8/59 HPs)
             Began as a White Draconian Transmuter on July 14, 2016.
             Killed from afar by Pikel (19 damage)
             ... with a wand of lightning
             ... on level 8 of the Dungeon.
             The game lasted 00:16:42 (6698 turns).

HAL9000 the Martial Artist (DrTm)                   Turns: 6698, Time: 00:16:43

Health: -8/59      AC:  9    Str: 13    XL:     8   Next: 56%
Magic:  5/11       EV: 12    Int: 14    God:
Gold:   95         SH:  0    Dex: 18    Spells: 4 memorised, 0 levels left

rFire  . . .     SeeInvis .       - Unarmed
rCold  + . .     Gourm    .     (armour unavailable)
rNeg   . . .     Faith    .     (no shield)
rPois  .         Spirit   .     (helmet restricted)
rElec  .         Dismiss  .     B - +2 cloak
rCorr  .         Reflect  .     (no gloves)
SustAt .         Harm     .     (boots currently unavailable)
MR     .....                    (no amulet)
Stlth  ++........               m - +5 ring of dexterity
                                K - ring of wizardry

@: appendage, drained, not resistant to hostile enchantments, unstealthy
A: breathe frost, unfitting armour, talons 3, cold resistance 1, cold-blooded,
AC +6
a: Breathe Frost, End Transformation


You were on level 8 of the Dungeon.
You were not hungry.
You had grown temporary talons.
You visited 2 branches of the dungeon, and saw 9 of its levels.

You collected 365 gold pieces.
You spent 270 gold pieces at shops.

Inventory:

Missiles
 a - 23 arrows
 J - 2 throwing nets (quivered)
Armour
 B - a +2 cloak (worn)
Jewellery
 k - an uncursed ring of fire
 m - a +5 ring of dexterity (right hand)
 p - an uncursed ring of protection from fire
 v - a +2 ring of protection
 E - an uncursed ring of fire
 K - a ring of wizardry (left hand)
Wands
 D - a wand of iceblast (5/15)
Scrolls
 q - a scroll of magic mapping
 I - a scroll of remove curse
 L - 3 scrolls of blinking
Potions
 d - a potion of haste
 h - a potion of magic
 j - a potion of curing
 n - a potion of might {unknown}
 r - a potion of flight
 t - a potion of brilliance {unknown}
 x - a potion of agility {unknown}
Books
 b - a book of Changes

   Spells                             Type                      Level
   a - Beastly Appendage              Transmutation                1
   b - Sticks to Snakes               Transmutation                2
   c - Spider Form                    Transmutation/Poison         3
   d - Ice Form                       Ice/Transmutation            4
   e - Blade Hands                    Transmutation                5
 G - a book of Spatial Translocations

   Spells                             Type                      Level
   a - Apportation                    Translocation                1
   b - Blink                          Translocation                2
   c - Shroud of Golubria             Charms/Translocation         2
   d - Portal Projectile              Translocation                3
   e - Teleport Other                 Translocation                3
   f - Passage of Golubria            Translocation                4
Comestibles
 c - 10 bread rations
 i - 9 beef jerkies
 H - 2 chunks of flesh


   Skills:
 - Level 1.1(0.7) Fighting
 - Level 1.7(1.4) Dodging
 + Level 8.3(7.8) Unarmed Combat
 - Level 2.0(1.6) Spellcasting
 + Level 7.8(7.4) Transmutations


You couldn't memorise any spells.
You knew the following spells:

 Your Spells              Type           Power        Failure   Level  Hunger
a - Beastly Appendage     Tmut           ###...       1%          1    ##.....
b - Sticks to Snakes      Tmut           ###.....     1%          2    ###....
c - Spider Form           Tmut/Pois      ##........   7%          3    ####...
d - Blade Hands           Tmut           ###.......   16%         5    ######.


Dungeon Overview and Level Annotations

Branches:
Dungeon (9/15)             Temple (1/1) D:4
   Lair: D:8-11         Orc: D:9-12

Altars:
Ashenzari
Elyvilon
Fedhas
Gozag
Hepliaklqana
Kikubaaqudgha
Nemelex Xobeh
Pakellas
Uskayaw
Xom
Yredelemnul
Zin
The Shining One

Shops:
D:5 *

Annotations:
D:8 Pikel


Innate Abilities, Weirdness & Mutations

You can breathe waves of freezing cold.
You can buffet flying creatures when you breathe cold.
Your icy white scales are hard. (AC +6)
Your body does not fit into most forms of armour.
Your flesh is cold resistant. (rC+)
You are cold-blooded and may be slowed by cold attacks.
You have claws for feet.


Message History

The orc dies!
The slave closely misses you.
Your ball python closely misses Pikel.
Your ball python grabs Pikel.
Your ball python constricts Pikel.
The slave closely misses you.
Pikel struggles to escape constriction.
Your ball python bites Pikel.
Your ball python constricts Pikel.
The slave hits your ball python.
Your ball python dies!
Unknown command.
The orc hits you with a falchion. The slave hits you but does no damage.
The orc barely misses you.
Things that are here:
a short sword; an orc corpse The orc barely misses you.
Pikel zaps a wand.
The bolt of lightning hits the orc.
The orc dies!
The bolt of lightning hits you!
* * * LOW HITPOINT WARNING * * *
The bolt of lightning hits you!
You die...

#. ##...# #.#####..# # #......p##
### .# .##.....p.# #.. ..#
#...##..K.# #.# #.# ##.####))##
#.# #.# ##.###..#######.# #.#
##.......pK..)...# #.#
#........pp#####@# #.########
.#.#.)..##.# #)# #...).....
.........#.# #.#######.#######.
##.#..)#.#.#####..)..†.)## #..
##.##....)...........###########.
..#.#.#####.########.# #÷÷..###.
.###..# .# #.# #.§)#).#. ## ##.#
.. #.# #...###.÷ .## ..# #.#
##### ##.


You could see Pikel and a slave.

Vanquished Creatures
  A two-headed ogre (D:8)
  A wyvern (D:8)
  A slave (D:8)
  3 ogres
  2 giant frogs
  A gnoll sergeant (D:6)
  A crimson imp (D:8)
  A quasit (D:6)
  A giant frog zombie (D:5)
  A jelly (D:5)
  An orc priest (D:4)
  A giant frog skeleton (D:6)
  3 hounds
  7 orc wizards (D:4)
  3 worker ants
  The ghost of Amnesiac the Gusty, a weakling TeAE (D:3)
  5 gnolls (D:6)
  8 adders
  A shadow imp (D:8)
  2 oozes (D:3)
  2 adder skeletons
  4 worms
  2 dart slugs
  The ghost of Amnesiac the Gusty, a weakling TeAE (D:4)
  5 giant geckos
  41 orcs
  4 bats
  5 giant cockroaches
  9 goblins
  9 hobgoblins
  3 jackals
  A quokka (D:5)
  A ball python (D:3)
  A giant newt (D:5)
  4 kobolds
  A quokka zombie (D:5)
  5 rats
143 creatures vanquished.

Vanquished Creatures (collateral kills)
  A jackal (D:3)
  2 bats
3 creatures vanquished.

Vanquished Creatures (others)
  2 orcs (D:8)
2 creatures vanquished.

Grand Total: 148 creatures vanquished

Notes
Turn   | Place    | Note
-------+----------+-------------------------------------------
     0 | D:1      | HAL9000 the Draconian Transmuter began the quest for the Orb.
     0 | D:1      | Reached XP level 1. HP: 16/16 MP: 3/3
   435 | D:1      | Reached XP level 2. HP: 22/23 MP: 3/5
   459 | D:1      | Learned a level 2 spell: Sticks to Snakes
  1253 | D:2      | Reached XP level 3. HP: 15/28 MP: 0/6
  1867 | D:2      | Reached skill level 4 in Unarmed Combat
  2009 | D:3      | Reached XP level 4. HP: 28/35 MP: 5/7
  2129 | D:3      | Noticed Amnesiac's ghost (weakling TeAE)
  2648 | D:3      | Reached XP level 5. HP: 35/40 MP: 8/8
  2693 | D:3      | Killed Amnesiac's ghost
  2791 | D:3      | Learned a level 3 spell: Spider Form
  3052 | D:4      | Noticed an ogre
  3109 | D:4      | Noticed Amnesiac's ghost (weakling TeAE)
  3332 | D:4      | Killed Amnesiac's ghost
  3334 | D:4      | Found a staircase to the Ecumenical Temple.
  3347 | Temple   | Entered the Ecumenical Temple
  3608 | D:4      | Reached skill level 5 in Unarmed Combat
  3670 | D:4      | Found an opulent altar of Gozag.
  3840 | D:4      | Reached XP level 6. HP: 37/47 MP: 7/9
  4030 | D:4      | Reached skill level 5 in Transmutations
  4251 | D:4      | Reached skill level 6 in Unarmed Combat
  4566 | D:4      | Found a glowing silver altar of Zin.
  4640 | D:4      | Your scales start taking on an icy white colour.
  4640 | D:4      | Reached XP level 7. HP: 42/52 MP: 10/10
  4640 | D:4      | Gained mutation: Your flesh is cold resistant. (rC+) [White Draconian growth]
  4910 | D:5      | Entered Level 5 of the Dungeon
  5485 | D:5      | Found Ityac's Assorted Antiques.
  5511 | D:5      | Bought a paperback book for 270 gold pieces
  5567 | D:5      | Found a shimmering altar of Xom.
  5881 | D:6      | Reached skill level 7 in Unarmed Combat
  6232 | D:6      | Found a sparkling altar of Nemelex Xobeh.
  6255 | D:6      | You fall through a shaft for 3 floors!
  6255 | D:9      | Noticed a two-headed ogre
  6280 | D:9      | Noticed a wyvern
  6296 | D:9      | Noticed a troll
  6297 | D:9      | HP: 2/51 [giant frog (2)]
  6309 | D:8      | Killed a wyvern
  6309 | D:8      | Reached XP level 8. HP: 40/59 MP: 7/11
  6343 | D:8      | Learned a level 5 spell: Blade Hands
  6371 | D:8      | Noticed Pikel
  6372 | D:8      | Noticed a two-headed ogre
  6512 | D:8      | Killed a two-headed ogre
  6512 | D:8      | Reached skill level 8 in Unarmed Combat
  6698 | D:8      | Killed from afar by Pikel

Vault maps used:
D:1:      elethiomel_arrival_quiet
D:2:      roderic_lattice_a
D:3:      minmay_liquid_box
D:4:      kennysheep_little_box, grunt_gozag_breadcrumbs, first_bread
D:5:      serial_shops, shop_coins, tgw_xom
D:6:      lemuel_round_altar, overflow_temple_1_default
D:8:      lemuel_round_altar, lemuel_coloured_pillars_altar, special_room,
          grunt_ogre_cave, mrwooster_statue_mirror, kennysheep_just_a_vault,
          uniq_pikel
D:9:      led_sif_pool, kennysheep_mini
Temple:   jpeg_temple_alley_garden

Skill      XL: |  1  2  3  4  5  6  7  8 |
---------------+-------------------------+-----
Transmutations | 3 4 5 7 |  7.8
Unarmed Combat | 4 5 6 7 8 |  8.3
Fighting       | |  1.1
Dodging        | |  1.7
Spellcasting   | |  2.0

Action                   |  1- 3 |  4- 6 |  7- 9 || total
-------------------------+-------+-------+-------++-------
Melee: Unarmed           |   100 |   251 |   222 ||   573
       Kick              |     7 |    28 |     2 ||    37
       Headbutt          |     7 |     2 |     3 ||    12
       Tailslap          |    10 |    24 |    29 ||    63
       Punch             |     3 |     2 |     5 ||    10
 Cast: Beastly Appendage |    23 |    16 |     4 ||    43
       Sticks to Snakes  |     2 |     9 |    11 ||    22
       Spider Form       |       |     6 |     7 ||    13
 Abil: Breathe Frost     |       |       |     4 ||     4
Evoke: Wand              |       |       |     1 ||     1
  Use: Scroll            |       |    10 |     4 ||    14
       Potion            |       |       |     3 ||     3
 Stab: Sleeping          |     4 |     1 |     1 ||     6
  Eat: Chunk             |     4 |     9 |     9 ||    22
       Pizza             |       |     1 |       ||     1
       Beef jerky        |       |       |     1 ||     1
Armor: Skin              |    40 |    81 |   109 ||   230
Dodge: Dodged            |    92 |   167 |   203 ||   462
